 Dungeon Crawl Stone Soup version 0.21-a0-1-gaf3b9a5 (webtiles) character file.

233 turnburgler the Sneak (level 5, -8/41 HPs)
             Began as a Vampire Assassin on May 20, 2017.
             Was a Follower of Dithmenos.
             Mangled by a big kobold
             ... wielding a +0 short sword
              (9 damage)
             ... on level 3 of the Dungeon.
             The game lasted 00:21:47 (2957 turns).

turnburgler the Sneak (Vampire Assassin)            Turns: 2957, Time: 00:21:51

Health: -8/41      AC:  0    Str: 10    XL:     5   Next: 74%
Magic:  2/6        EV: 22    Int: 13    God:    Dithmenos [*.....]
Gold:   163        SH:  0    Dex: 22    Spells: 4/6 levels left

rFire    + . .     SeeInvis +   (weapon currently unavailable)
rCold    + + .     Gourm    .   (shield currently unavailable)
rNeg     + + .     Faith    .   (armour currently unavailable)
rPois    +         Spirit   .   (helmet currently unavailable)
rElec    +         Reflect  .   (cloak currently unavailable)
rCorr    +         Harm     .   (gloves currently unavailable)
MR       .....                  (boots currently unavailable)
Stlth    +++++++...             (no amulet)
Regen    0.1/turn               (ring currently unavailable)
MPRegen  0.1/turn               (ring currently unavailable)

@: bat-form, resistant, flying, very slightly contaminated, regenerating slowly,
wreathed by umbra, very quick
A: fangs 3, see invisible
a: End Transformation, Renounce Religion


You were on level 3 of the Dungeon.
You worshipped Dithmenos.
Dithmenos was aware of your devotion.
You were thirsty.
You were in vampire-bat-form.
You visited 1 branch of the dungeon, and saw 3 of its levels.

You collected 163 gold pieces.

Inventory:

Hand Weapons
 b - a +0 blowgun
 u - a +4 dagger
 A - a +0 scimitar (melded)
 E - a +0 hunting sling
 F - a +0 hunting sling
Missiles
 e - 8 poisoned needles
 f - 2 curare-tipped needles
 r - 37 arrows
 v - 107 stones
 D - 4 javelins of returning (quivered)
Armour
 c - a +0 robe
 d - a +0 cloak (melded)
 h - a +0 ring mail (melded)
Jewellery
 z - a ring of protection from cold (melded)
Scrolls
 m - a scroll of random uselessness {unknown}
 n - a scroll of enchant weapon {unknown}
 o - 3 scrolls of teleportation {unknown}
 p - 3 scrolls of identify {unknown}
 y - a scroll of blinking {unknown}
Potions
 g - 20 potions of blood
 j - 3 potions of curing {unknown}
 k - a potion of agility {unknown}
 x - a potion of invisibility {unknown}
 C - 2 potions of haste {unknown}
Books
 a - a book of Minor Magic

   Spells                             Type                      Level
   a - Magic Dart                     Conjuration                  1
   b - Blink                          Translocation                2
   c - Call Imp                       Summoning                    2
   d - Slow                           Hexes                        2
   e - Conjure Flame                  Conjuration/Fire             3
   f - Mephitic Cloud                 Conjuration/Poison/Air       3
Comestibles
 l - 4 fruits
 q - 2 royal jellies
 t - 2 meat rations
 w - 3 bread rations


   Skills:
 * Level 3.0 Fighting
 - Level 2.5(2.7) Short Blades
 + Level 1.1(1.9) Long Blades
   Level 0.5 Maces & Flails
 * Level 2.2 Throwing
 * Level 3.3 Dodging
 - Level 6.4 Stealth
 + Level 1.0 Spellcasting
 + Level 1.0 Translocations


You had 4 spell levels left.
You knew the following spells:

 Your Spells              Type           Power        Failure   Level  Hunger
a - Blink                 Tloc           N/A          28%         2    ###....


Dungeon Overview and Level Annotations

Branches:
Dungeon (3/15)

Altars:
Dithmenos
Okawaru
Sif Muna
Vehumet
Zin

Annotations:
D:3 Natasha


Innate Abilities, Weirdness & Mutations

You heal slowly.
You have razor-sharp teeth.
You have supernaturally acute eyesight. (SInv)
((You can survive without breathing.))


Message History

A bat comes into view.
There is an open door here.
The bat moves out of view.
Natasha, Servant of Life and Death comes into view.
Okay, then.
Casting: Blink
Confirm with . or Enter, or press ? or * to list all spells.
You miscast Blink.
You are very lightly contaminated with residual magic.
You catch a glimpse of the back of your own head.
Natasha hisses angrily.
The big kobold hits you with a short sword.
* * * LOW HITPOINT WARNING * * *
You turn into a vampire bat.
Your +0 scimitar melds into your body.
Your +0 cloak melds into your body.
Your +0 ring mail melds into your body.
Your ring of protection from cold melds into your body.
The gnoll hits you from afar with a spear.
* * * LOW HITPOINT WARNING * * *
The big kobold hits you with a short sword!
You die...

#####################
.......#.......#....#
......)).......#....#
.......#########....##
####..........#.).)..#
#..........g......+
####..........#Kb....#
..)....#########....##
.......'.)...).#.b..#
.......#.......#....#
#################''######
≈≈≈≈≈≈≈≈≈≈≈≈≈≈..h.≈≈≈≈≈
≈≈≈≈≈≈≈≈≈≈≈≈≈.....≈≈≈≈≈
≈≈≈≈≈≈≈≈≈≈≈≈≈.....≈≈≈≈≈
..≈.≈≈≈.≈.≈.≈.....≈≈≈.≈


You could see a big kobold, Natasha, a gnoll and a bat.

Vanquished Creatures
  An orc wizard (D:3)
  Natasha (D:3)
  4 adders
  4 gnolls (D:3)
  A shadow imp (D:3)
  4 oozes
  A dart slug (D:1)
  2 leopard geckos (D:2)
  2 orcs (D:3)
  2 giant cockroaches (D:1)
  12 goblins
  16 hobgoblins
  2 quokkas
  A ball python (D:3)
  7 bats
  A frilled lizard (D:1)
  6 kobolds
  8 rats
75 creatures vanquished.

Notes
Turn   | Place    | Note
-------+----------+-------------------------------------------
     0 | D:1      | turnburgler the Vampire Assassin began the quest for the Orb.
     0 | D:1      | Reached XP level 1. HP: 16/16 MP: 1/1
   129 | D:1      | Reached skill level 6 in Stealth
   353 | D:1      | Reached XP level 2. HP: 20/22 MP: 2/2
   720 | D:1      | Reached XP level 3. HP: 27/27 MP: 3/3
  1185 | D:2      | Found an iron altar of Okawaru.
  1322 | D:2      | Found a shadowy altar of Dithmenos.
  1494 | D:2      | Reached XP level 4. HP: 28/34 MP: 4/4
  1639 | D:2      | Learned a level 2 spell: Blink
  1885 | D:3      | Found a glowing silver altar of Zin.
  1899 | D:3      | Found a radiant altar of Vehumet.
  1967 | D:2      | Became a worshipper of Dithmenos the Shadowed
  1989 | D:3      | Found a deep blue altar of Sif Muna.
  2118 | D:3      | Noticed Natasha
  2128 | D:3      | Killed Natasha
  2128 | D:3      | Reached skill level 1 in Long Blades
  2128 | D:3      | Reached XP level 5. HP: 23/39 MP: 5/5
  2900 | D:3      | Reached * piety under Dithmenos
  2910 | D:3      | Reached skill level 1 in Translocations
  2918 | D:3      | Reached skill level 1 in Spellcasting
  2955 | D:3      | Noticed Natasha
  2956 | D:3      | HP: 2/41 [big kobold/short sword (3)]
  2957 | D:3      | Mangled by a big kobold

Vault maps used:
D:1:      lightli_arrival_noodles
D:2:      nicolae_overflow_hidden_temple, first_bread, okawaru_metal_pillars_3
D:3:      minmay_goblin_kobold_castle, old_standard_altar, vehumet_crystals,
          old_standard_altar, uniq_terence, uniq_natasha

Skill      XL: |  1  2  3  4  5 |
---------------+----------------+-----
Stealth        | 6 |  6.4
Fighting       | 2 3 |  3.0
Throwing       | 2 |  2.2
Dodging        | 2 3 |  3.3
Long Blades    | 1 |  1.1
Translocations | 1 |  1.0
Spellcasting   | 1 |  1.0
Short Blades   | |  2.5
Maces & Flails | |  0.5

Action                   |  1- 3 |  4- 6 || total
-------------------------+-------+-------++-------
Melee: Dagger            |    45 |       ||    45
       Whip              |    52 |       ||    52
       Bite              |    11 |    12 ||    23
       Scimitar          |     4 |   133 ||   137
 Fire: Hunting sling     |       |     1 ||     1
Throw: Javelin           |       |     7 ||     7
 Abil: Bat Form          |       |     1 ||     1
  Use: Potion            |       |     8 ||     8
 Stab: Distracted        |     1 |       ||     1
       Sleeping          |     7 |     4 ||    11
Armor: Ring mail         |    54 |    50 ||   104
Dodge: Dodged            |    63 |   109 ||   172
       Rpst.: Scimitar   |     2 |    23 ||    25
